 Dungeon Crawl Stone Soup version 0.31.0-9-g3a7656b989 (webtiles) character file.

Game seed: 7529905590118411779

110 James the Ruffian (level 4, 0/29 HPs)
             Began as an Octopode Shapeshifter on Jan 24, 2024.
             Frozen to death by an endoplasm (3 damage)
             ... on level 2 of the Dungeon.
             The game lasted 00:04:11 (1545 turns).

James the Ruffian (Octopode Shapeshifter)           Turns: 1545, Time: 00:04:12

Health: 0/29       AC:  1    Str: 15    XL:     4   Next: 91%
Magic:  4/4        EV: 13    Int: 12    God:
Gold:   75         SH:  0    Dex: 11    Spells: 3/3 levels left

rFire   . .          .
                       - Unarmed
rCold   . . .        (no shield)
rNeg    . . .        (helmet currently unavailable)
rPois   +            (no amulet)
rElec   .            q - ring of poison resistance
rCorr   .            (no ring)
SInv    .            (no ring)
Will    .....        (no ring)
Stlth   +++          (no ring)
HPRegen 0.24/turn    (no ring)
MPRegen 0.09/turn    (no ring)
                     (no ring)

%: no passive effects
@: beast-form
A: beast (slay +1), almost no armour, amphibious, 8 rings, camouflage 1,
gelatinous body 1, (nimble swimmer 1), tentacles
a: Begin Untransformation


You were on level 2 of the Dungeon.
You were a hulking beast.
You visited 1 branch of the dungeon, and saw 2 of its levels.

You collected 75 gold pieces.

Inventory:

Hand Weapons
 j - a +0 dagger
   (You took it off a kobold on level 1 of the Dungeon)
 m - a +0 trident
   (You found it on level 2 of the Dungeon)
Missiles
 f - 36 stones (quivered)
 n - 2 poisoned darts
Armour
 d - a +0 buckler
   (You found it on level 1 of the Dungeon)
Jewellery
 q - a ring of poison resistance (left tentacle)
   (You found it on level 2 of the Dungeon)
Talismans
 b - a beast talisman
 c - a flux talisman
Wands
 u - a wand of paralysis (14)
   (You found it on level 2 of the Dungeon)
Scrolls
 k - a scroll of noise {unknown}
 l - a scroll of revelation {unknown}
 o - a scroll of amnesia {unknown}
 p - a scroll of identify {unknown}
Potions
 a - a potion of lignification {!q}
 e - a potion of mutation {unknown}
 g - a potion of attraction {unknown}
 h - 2 potions of curing {unknown}
 i - a potion of cancellation {unknown}


   Skills:
 - Level 2.0 Fighting
 - Level 2.0 Dodging
 - Level 2.0 Stealth
 + Level 4.8 Unarmed Combat
 - Level 3.0 Shapeshifting


You had 3 spell levels left.
You didn't know any spells.
Your spell library contained the following spells:

 Spells                   Type           Power      Damage    Failure   Level
 Ensorcelled Hibernation  Hex/Ice        0%         N/A       45%         2
 Fugue of the Fallen      Necr           0%         N/A       69%         3
 Inner Flame              Hex/Fire       0%         N/A       69%         3
 Anguish                  Hex/Necr       0%         N/A       97%         4
 Flame Wave               Conj/Fire      0%         2d4       97%         4
 Sticky Flame             Fire/Alch      0%         2d4       97%         4


Dungeon Overview and Level Annotations

Branches:
Dungeon (2/15)

Altars:


Innate Abilities, Weirdness & Mutations

You are a hulking beast.
Your limbs bulge with bestial killing power. (Slay +1)
You cannot wear most types of armour.
You are amphibious.
You can wear up to eight rings at the same time.
Your skin changes colour to match your surroundings (Stealth+).
Your rubbery body absorbs attacks. (AC +1, EV +1)
((You are camouflaged when in or above water. (Stealth+)))
You have tentacles for arms and can constrict up to eight enemies at once.


Message History

Your grab misses the gnoll. Your squeeze misses the gnoll.
The gnoll hits you with a +0 whip!
You bludgeon the gnoll! You grab the gnoll.
You constrict the gnoll, but do no damage.
The gnoll closely misses you.
You bludgeon the gnoll!
You kill the gnoll!
You start resting.
You strike the helpless bat from behind!
You tentacle-slap the bat.
You kill the bat!
You now have 75 gold pieces (gained 9).
q - a ring of poison resistance
q - a ring of poison resistance (left tentacle)
f - 36 stones (gained 5)
An adder and an endoplasm come into view.
The adder hisses angrily.
The endoplasm quivers.
You tentacle-slap the adder but do no damage.
Your grab misses the adder. The adder completely misses you.
The adder bites you.
You closely miss the adder. Your grab misses the adder.
The endoplasm freezes you.
You are frozen.
The adder bites you.
You are poisoned.
The adder poisons you!
You miss the adder. Your grab misses the adder.
You feel sick. The adder bites you. The endoplasm freezes you.
You are frozen.
* * * LOW HITPOINT WARNING * * *
You feel sick.
Unknown command.
You tentacle-slap the adder. Your grab misses the adder. The adder bites you.
* * * LOW HITPOINT WARNING * * *
You barely miss the adder. You grab the adder. You squeeze the adder.
You constrict the adder.
You feel sick. The adder misses you. The adder closely misses you.
You tentacle-slap the adder.
You kill the adder!
You feel sick.
You feel sick.
You are no longer poisoned.
The endoplasm hits you.
* * * LOW HITPOINT WARNING * * *
You see here an adder corpse.
You tentacle-slap the endoplasm. x2
The endoplasm freezes you.
You are frozen.
You die...

......# ......# ......###
######### ........###
##......... ......#...#
##.......... ......###.###
#(.......... .......##...###
#........... ..
####......#)..####...........
...
###.##..##...hJ............<..
#.###.######................
#........#.................. #
#####.##.#.#.#.......>...... #
#........##............# #
###.†##..########..#.... #
####..................#....
............................
...###.............)...>.....


You could see an endoplasm.

Vanquished Creatures
  An orc wizard (D:1)
  3 gnolls
  2 adders (D:2)
  A ribbon worm (D:2)
  4 orcs (D:1)
  A ball python (D:2)
  6 bats
  An endoplasm (D:1)
  3 hobgoblins (D:1)
  7 kobolds
  3 quokkas
  2 frilled lizards
  A rat (D:2)
35 creatures vanquished.

Notes
Turn   | Place    | Note
-------+----------+-------------------------------------------
     0 | D:1      | James the Octopode Shapeshifter began the quest for the
                  | Orb.
     0 | D:1      | Reached XP level 1. HP: 13/13 MP: 1/1
   363 | D:1      | Reached XP level 2. HP: 19/19 MP: 2/2
   474 | D:1      | Reached skill level 1 in Stealth
   933 | D:1      | Reached XP level 3. HP: 24/24 MP: 3/3
  1096 | D:1      | Reached skill level 4 in Unarmed Combat
  1096 | D:1      | Reached XP level 4. HP: 23/29 MP: 4/4
  1545 | D:2      | Frozen to death by an endoplasm

Illustrated notes

Levels and vault maps discovered:
D:1:      kennysheep_arrival_seaside, layout_loops_ring
D:2:      layout_rooms, shapermc_ecumenical_altar_mp_ritualfount

Skill      XL: |  1  2  3 |
---------------+----------+-----
Fighting       | 2 |  2.0
Stealth        | 2 |  2.0
Unarmed Combat | 4 |  4.8
Dodging        | |  2.0
Shapeshifting  | |  3.0

Action                     |  1- 3 |  4- 6 || total
---------------------------+-------+-------++-------
  Melee: Unarmed           |    40 |    30 ||    70
         Constrict         |    11 |     7 ||    18
         Tentacles         |     7 |     4 ||    11
         Punch             |     3 |     1 ||     4
   Stab: Sleeping          |     5 |     1 ||     6
         Distracted        |       |     1 ||     1
 Armour: Skin              |    35 |    19 ||    54
  Dodge: Dodged            |    42 |    15 ||    57
